[Event "Titled Tuesday Blitz August 15 Early 2023"]
[White "Salinas Herrera, Pablo"]
[Black "Herman, Daniel"]
[WhiteFideId "3407128"]
[BlackFideId "30935008"]
[WhiteElo "2825"]
[BlackElo "2443"]
[Result "1-0"]
[Round "3"]
[TimeControl "180+1"]
[Date "2023.08.15"]
[WhiteClock "0:00:17"]
[BlackClock "0:00:00"]
[Board "42"]

1. d4 Nf6 2. Nf3 g6 3. Nbd2 d5 4. e3 Bg7 5. b4 a5 6. b5 a4 7. c4 O-O 8. Ba3 Bg4 9. Rc1 c6 10. bxc6 bxc6 11. h3 Bxf3 12. Qxf3 Re8 13. cxd5 cxd5 14. Bb5 Nbd7 15. O-O Qa5 16. Qe2 Rab8 17. Rb1 e6 18. Bd6 Rbc8 19. Bb4 Qa8 20. Qd1 Bf8 21. Bxf8 Rxf8 22. Qxa4 Nb6 23. Qb3 Qa5 24. Qb2 Rb8 25. Rfc1 Kg7 26. a3 Rfc8 27. Rxc8 Nxc8 28. a4 Nd6 29. Nb3 Qb4 30. Nc5 Qxb2 31. Rxb2 Nfe4 32. Nxe4 dxe4 33. Kf1 Kf8 34. Ke2 Nxb5 35. axb5 Ke7 36. Kd2 Kd6 37. Kc3 Kc7 38. Kb4 Kb7 39. Rc2 Ra8 40. f3 exf3 41. gxf3 Ra1 42. Kc5 Rh1 43. b6 Rxh3 44. Ra2 Rh1 45. Ra7+ Kb8 46. Rxf7 h5 47. Kc6 Rc1+ 48. Kd6 h4 49. Rh7 g5 50. Rh5 Rg1 51. e4 Kb7 52. Kxe6 Kxb6 53. d5 Kc7 54. e5 Rg3 55. d6+ Kc6 56. Rh8 Rxf3 57. Rc8+ Kb7 58. d7 Rd3 59. d8=Q Rxd8 60. Rxd8 g4 61. Rg8 h3 62. Rxg4 1-0


[Site "https://www.chess.com"]

[Event "Titled Tuesday Blitz August 15 Early 2023"]
[White "Maksimovic, Bojan"]
[Black "Bueno, Alfeu Junior Varela"]
[WhiteFideId "14408120"]
[BlackFideId "2108879"]
[WhiteElo "2823"]
[BlackElo "2437"]
[Result "1-0"]
[Round "3"]
[TimeControl "180+1"]
[Date "2023.08.15"]
[WhiteClock "0:00:14"]
[BlackClock "0:00:00"]
[Board "43"]

1. e4 e6 2. Qe2 e5 3. Nf3 Nc6 4. c3 Bc5 5. b4 Bd6 6. b5 Nce7 7. d4 Ng6 8. dxe5 Nxe5 9. Nxe5 Bxe5 10. f4 Bd6 11. e5 Bc5 12. Nd2 Ne7 13. Ne4 Bb6 14. a4 a6 15. a5 axb5 16. axb6 Rxa1 17. Qb2 Ra4 18. Bd3 O-O 19. O-O d5 20. bxc7 Qxc7 21. Nd6 Bd7 22. Be3 Rfa8 23. Bd4 Ra2 24. Qc1 Nc8 25. Nxc8 Qxc8 26. f5 Qd8 27. e6 Be8 28. f6 fxe6 29. Qg5 Qd7 30. f7+ 1-0


[Site "https://www.chess.com"]

[Event "Titled Tuesday Blitz August 15 Early 2023"]
[White "Chyngyz, Sultai"]
[Black "Molina, Roberto Junio Brito"]
[WhiteFideId "13803158"]
[BlackFideId "2109450"]
[WhiteElo "2423"]
[BlackElo "2810"]
[Result "0-1"]
[Round "3"]
[TimeControl "180+1"]
[Date "2023.08.15"]
[WhiteClock "0:00:25"]
[BlackClock "0:00:18"]
[Board "44"]

1. e4 c6 2. Nc3 d5 3. Nf3 dxe4 4. Nxe4 Bg4 5. h3 Bxf3 6. Qxf3 Nd7 7. d4 Ndf6 8. c3 Nxe4 9. Qxe4 Nf6 10. Qc2 Qd5 11. Be3 e6 12. Qb3 Qxb3 13. axb3 a6 14. b4 O-O-O 15. Bc4 Nd5 16. O-O Be7 17. Rfe1 Rd7 18. b5 cxb5 19. Bxb5 Rc7 20. Bd3 Nxe3 21. fxe3 Rd8 22. Rf1 Bg5 23. Rf3 f5 24. e4 g6 25. Re1 Kd7 26. exf5 exf5 27. Re5 Re8 28. g4 Rxe5 29. dxe5 fxg4 30. hxg4 Ke6 31. Kf2 Kxe5 32. Ke2 Bc1 33. c4 Bxb2 34. Re3+ Kf4 35. Re4+ Kg5 36. Kf3 a5 37. Bc2 b5 38. Bd3 b4 39. Bc2 Rd7 40. c5 Rd2 41. Rc4 Bc3 42. c6 Rd8 43. c7 Rc8 44. Ba4 Be5 45. Rc5 Kf6 46. g5+ Kf7 47. Bb3+ Kf8 48. Rxe5 Rxc7 49. Ba4 Kg7 50. Rxa5 h6 51. gxh6+ Kxh6 52. Rb5 Rc4 53. Bb3 Rc3+ 54. Ke4 Rxb3 55. Rb8 Rb1 56. Ke5 b3 57. Kf6 Rf1+ 58. Ke5 g5 59. Rxb3 g4 60. Ke4 Kg5 61. Rb8 g3 62. Ke3 Kg4 63. Rg8+ Kh3 64. Ke2 Rf7 65. Rh8+ Kg2 66. Rh6 Kg1 67. Rg6 g2 68. Rh6 Re7+ 69. Kf3 Kf1 70. Ra6 g1=Q 71. Ra1+ Re1 72. Ra2 Qe3+ 73. Kg4 Qe6+ 74. Kf3 Qb3+ 75. Kf4 Qxa2 76. Kg5 Rb1 77. Kf6 Rb3 78. Kg7 Qa4 79. Kh8 Qc4 80. Kg7 Qc7+ 81. Kh6 Rb5 82. Kg6 Qc6+ 83. Kf7 Rb7+ 84. Kf8 Qc7 85. Kg8 Ke2 86. Kf8 Ke3 87. Kg8 Kd3 88. Kf8 Kd4 89. Kg8 Kd5 90. Kf8 Ke5 91. Kg8 Ke6 92. Kh8 Kd6 93. Kg8 Kc5 94. Kh8 Rb8# 0-1


[Site "https://www.chess.com"]

[Event "Titled Tuesday Blitz August 15 Early 2023"]
[White "Mekhitarian, Krikor Sevag"]
[Black "Frayna, Janelle Mae"]
[WhiteFideId "2107660"]
[BlackFideId "5212499"]
[WhiteElo "2802"]
[BlackElo "2415"]
[Result "1-0"]
[Round "3"]
[TimeControl "180+1"]
[Date "2023.08.15"]
[WhiteClock "0:00:07"]
[BlackClock "0:00:31"]
[Board "45"]

1. Nf3 Nf6 2. c4 e6 3. d4 d5 4. cxd5 exd5 5. Nc3 c6 6. Bf4 Bd6 7. Bxd6 Qxd6 8. e3 O-O 9. Qb3 Re8 10. Bd3 a5 11. a3 b5 12. O-O Bg4 13. Ne5 Nbd7 14. f4 Nb6 15. Qc2 Bd7 16. Rae1 Nc4 17. h3 Rab8 18. g4 c5 19. g5 Ne4 20. Bxe4 dxe4 21. Nxe4 Qc7 22. Nxc5 Bxh3 23. Rf2 Nd6 24. Na6 Qxc2 25. Rxc2 Rbc8 26. Rxc8 Rxc8 27. Nc5 f6 28. gxf6 gxf6 29. Ned3 Kf7 30. Kf2 Bf5 31. e4 Be6 32. Nxe6 Kxe6 33. Nc5+ Kf7 34. Rh1 Rh8 35. Kf3 h5 36. e5 Nc4 37. b3 Nxa3 38. Ne4 Nc2 39. Nxf6 Nxd4+ 40. Ke4 Nxb3 41. Nd5 Nc5+ 42. Kd4 Ne6+ 43. Ke3 h4 44. f5 Nc5 45. Rc1 h3 46. Rxc5 h2 47. e6+ Kg8 48. Rc8+ Kg7 49. f6+ Kh7 50. Rxh8+ Kxh8 51. e7 h1=Q 52. e8=Q+ Kh7 53. Qf7+ Kh6 54. Qg7+ Kh5 55. Qh7+ Kg4 56. Qxh1 Kf5 57. Qe4+ Kg5 58. f7 Kh6 59. f8=Q+ 1-0


[Site "https://www.chess.com"]

[Event "Titled Tuesday Blitz August 15 Early 2023"]
[White "Flores, Diego"]
[Black "Fuzesabonyilaci"]
[WhiteFideId "108049"]
[WhiteElo "2782"]
[BlackElo "2386"]
[Result "1-0"]
[Round "3"]
[TimeControl "180+1"]
[Date "2023.08.15"]
[WhiteClock "0:00:13"]
[BlackClock "0:00:05"]
[Board "46"]

1. d4 Nf6 2. Nf3 d5 3. Bf4 c5 4. e3 Nc6 5. Nbd2 cxd4 6. exd4 h6 7. c3 Bf5 8. Be2 e6 9. O-O Bd6 10. Bxd6 Qxd6 11. Re1 O-O 12. a4 Nd7 13. a5 f6 14. a6 b6 15. Bb5 Rac8 16. Qa4 e5 17. Bxc6 Rxc6 18. dxe5 fxe5 19. Nxe5 Nxe5 20. Rxe5 Rc5 21. Qd4 Qf6 22. Rae1 Kh7 23. h3 Qg6 24. R5e3 Bc8 25. Rg3 Qf7 26. Rf3 Qg8 27. Qd3+ Kh8 28. Qg6 Bd7 29. Re7 Rxf3 30. Nxf3 Ba4 31. Ne5 Qf8 32. Nf7+ Kg8 33. Nxh6+ Kh8 34. Nf7+ Kg8 35. Ng5 Rc6 36. Qh7# 1-0


[Site "https://www.chess.com"]

[Event "Titled Tuesday Blitz August 15 Early 2023"]
[White "Lach, Aleksandra"]
[Black "Wagner, Dennis"]
[WhiteFideId "1134299"]
[BlackFideId "24650684"]
[WhiteElo "2386"]
[BlackElo "2775"]
[Result "0-1"]
[Round "3"]
[TimeControl "180+1"]
[Date "2023.08.15"]
[WhiteClock "0:00:00"]
[BlackClock "0:00:30"]
[Board "47"]

1. Nf3 g6 2. g3 Bg7 3. Bg2 c5 4. e4 Nc6 5. O-O d6 6. c3 e5 7. b3 Nge7 8. Bb2 O-O 9. a4 h6 10. Na3 Be6 11. Rb1 d5 12. exd5 Nxd5 13. Nc4 Bf5 14. Rc1 Bd3 15. Re1 e4 16. Nh4 Re8 17. Ba3 Qd7 18. Bxc5 g5 19. Nd6 gxh4 20. Nxe8 Rxe8 21. Qh5 hxg3 22. hxg3 Ne5 23. Bd4 f5 24. Bxe5 Rxe5 25. Bh3 Qe6 26. c4 Nb4 27. Qd1 Qg6 28. Kh2 Kh7 29. Rg1 Bf8 30. g4 f4 31. f3 Bd6 32. Kh1 Qg5 33. Rg2 exf3 34. Rf2 Qh4 35. Qg1 Qxh3+ 36. Rh2 Qg3 37. Qd4 Be4 38. Rf2 Nd3 39. Rg1 Nxf2+ 0-1


[Site "https://www.chess.com"]

[Event "Titled Tuesday Blitz August 15 Early 2023"]
[White "Petkov, Momchil"]
[Black "Osinovsky, Stepan"]
[WhiteFideId "2921642"]
[BlackFideId "4157354"]
[WhiteElo "2773"]
[BlackElo "2351"]
[Result "1-0"]
[Round "3"]
[TimeControl "180+1"]
[Date "2023.08.15"]
[WhiteClock "0:00:20"]
[BlackClock "0:00:00"]
[Board "48"]

1. d4 Nf6 2. Nf3 g6 3. Bf4 Bg7 4. e3 O-O 5. h3 d6 6. c3 Nbd7 7. Bh2 b6 8. a4 Bb7 9. a5 Re8 10. a6 Bc6 11. Bc4 e6 12. Nbd2 b5 13. Be2 Rb8 14. O-O Ne4 15. Nxe4 Bxe4 16. Nd2 Ba8 17. Bf3 Bxf3 18. Qxf3 Qc8 19. Ra5 Rb6 20. Rfa1 Nb8 21. Ne4 f5 22. Nd2 Rxa6 23. Rxa6 Nxa6 24. Qc6 Nb8 25. Qxb5 a6 26. Qc4 Qb7 27. b4 Kf7 28. Nf3 h6 29. Ra5 Bf8 30. Nd2 Rc8 31. e4 fxe4 32. d5 c5 33. dxe6+ Ke7 34. Nxe4 d5 35. Bd6+ Kxe6 36. Nxc5+ Rxc5 37. Qg4+ Kxd6 38. bxc5+ Kc7 39. Qxg6 Nc6 40. Qf7+ Be7 41. Ra1 Qb2 42. Re1 Qxc3 43. Rxe7+ Nxe7 44. Qxe7+ Kc6 45. Qd6+ Kb5 46. Qb6+ Kc4 47. c6 d4 48. Qxa6+ Kd5 49. Qb5+ Kd6 50. Qb8+ Kxc6 51. Kf1 1-0


[Site "https://www.chess.com"]

[Event "Titled Tuesday Blitz August 15 Early 2023"]
[White "Srihari L R"]
[Black "Akylbek2021"]
[WhiteFideId "46617116"]
[WhiteElo "2768"]
[BlackElo "2341"]
[Result "1-0"]
[Round "3"]
[TimeControl "180+1"]
[Date "2023.08.15"]
[WhiteClock "0:00:45"]
[BlackClock "0:00:13"]
[Board "49"]

1. Nf3 Nf6 2. g3 g6 3. Bg2 Bg7 4. O-O O-O 5. d3 d5 6. Nbd2 c5 7. e4 Nc6 8. Re1 e5 9. exd5 Nxd5 10. Nc4 Re8 11. a4 h6 12. c3 b6 13. Qc2 f6 14. Bd2 Be6 15. Rad1 Bf7 16. Bc1 f5 17. Ne3 Rc8 18. Nd2 Nxe3 19. Rxe3 Nd4 20. Qb1 Nb3 21. Nxb3 Bxb3 22. Rde1 a5 23. f4 Qd7 24. fxe5 Qxa4 25. R3e2 Rcd8 26. h4 Kh8 27. Bf4 Ba2 28. Qc1 Rxd3 29. Bf1 Bd5 30. Rf2 Rf3 31. Rxf3 Bxf3 32. Bxh6 Bxe5 33. Qg5 Bd4+ 34. cxd4 Qxd4+ 35. Re3 Kh7 36. Qf4 Be4 37. b3 a4 38. bxa4 c4 39. Bg5 c3 40. Qc7+ Kh8 41. Qxc3 Qxc3 42. Rxc3 Ra8 43. Rc7 Rxa4 44. Bf6+ Kg8 45. Bc4+ Kf8 46. Rc8# 1-0


[Site "https://www.chess.com"]

[Event "Titled Tuesday Blitz August 15 Early 2023"]
[White "Materia, Marco"]
[Black "Goswami, Vedant"]
[WhiteFideId "45150451"]
[BlackFideId "5003725"]
[WhiteElo "2768"]
[BlackElo "2321"]
[Result "1-0"]
[Round "3"]
[TimeControl "180+1"]
[Date "2023.08.15"]
[WhiteClock "0:00:46"]
[BlackClock "0:00:00"]
[Board "50"]

1. d4 d6 2. Nf3 Nd7 3. c4 c6 4. Nc3 e5 5. e4 Be7 6. Be2 Ngf6 7. O-O O-O 8. Be3 Ng4 9. Bd2 Qb6 10. Qc2 exd4 11. Na4 Qc7 12. Nxd4 Nc5 13. Nc3 Bf6 14. Nf5 Bxf5 15. exf5 Ne5 16. Rad1 Rfe8 17. b4 Na6 18. Ne4 Qe7 19. Rfe1 Rad8 20. f4 Nd7 21. Bf3 Qf8 22. a3 Bd4+ 23. Kh1 Nf6 24. Nxf6+ Bxf6 25. b5 cxb5 26. cxb5 Nc5 27. Bb4 b6 28. Bd5 Rxe1+ 29. Rxe1 Re8 30. Rd1 Re3 31. Qf2 Qe8 32. Bc6 Qe7 33. Qf1 h6 34. g4 Re2 35. Bf3 Rb2 36. Re1 Qd7 37. Bc6 Qc7 38. g5 Bd4 39. g6 fxg6 40. fxg6 1-0


[Site "https://www.chess.com"]

[Event "Titled Tuesday Blitz August 15 Early 2023"]
[White "Vachier-Lagrave, Maxime"]
[Black "Komov, Roman"]
[WhiteFideId "623539"]
[BlackFideId "24175714"]
[WhiteElo "3132"]
[BlackElo "2619"]
[Result "1-0"]
[Round "3"]
[TimeControl "180+1"]
[Date "2023.08.15"]
[WhiteClock "0:00:47"]
[BlackClock "0:00:00"]
[Board "52"]

1. c4 e5 2. Nc3 Bb4 3. Nd5 Be7 4. d4 exd4 5. Qxd4 Nf6 6. Nxe7 Qxe7 7. Bg5 Nc6 8. Qc3 d5 9. Bxf6 gxf6 10. cxd5 Nb4 11. e3 Bf5 12. Rd1 Nxa2 13. Bb5+ Kf8 14. Qd4 Qb4+ 15. Qxb4+ Nxb4 16. f3 Ke7 17. Ne2 Rhd8 18. e4 Bd7 19. Bxd7 Rxd7 20. Nd4 c6 21. Nf5+ Kf8 22. d6 Rad8 23. h4 c5 24. Kf2 b6 25. g4 Nc6 26. g5 Nd4 27. Nxd4 Rxd6 28. gxf6 Rxd4 29. Rxd4 Rxd4 30. Ke3 Rd6 31. e5 Rd5 32. f4 a5 33. Rg1 a4 34. Rg7 Rd1 35. Rxh7 Kg8 36. Rg7+ Kf8 37. h5 Rh1 38. Rg5 Rh2 39. f5 Rxb2 40. e6 fxe6 41. fxe6 Rb3+ 42. Ke4 Rb4+ 43. Ke5 a3 44. e7+ 1-0


[Site "https://www.chess.com"]

[Event "Titled Tuesday Blitz August 15 Early 2023"]
[White "Fedoseev, Vladimir"]
[Black "SmirnovAlexandrA"]
[WhiteFideId "24130737"]
[WhiteElo "3100"]
[BlackElo "2615"]
[Result "1-0"]
[Round "3"]
[TimeControl "180+1"]
[Date "2023.08.15"]
[WhiteClock "0:00:18"]
[BlackClock "0:00:05"]
[Board "53"]

1. Nf3 c5 2. g3 Nc6 3. Bg2 g6 4. O-O Bg7 5. c4 d6 6. Nc3 Nh6 7. d4 cxd4 8. Bxh6 Bxh6 9. Nxd4 Nxd4 10. Qxd4 O-O 11. Rad1 a6 12. c5 Bg7 13. Qe3 Be6 14. Bxb7 Rb8 15. Bd5 Bxd5 16. Nxd5 e6 17. Nb6 d5 18. b4 Qc7 19. a4 Rfd8 20. a5 Qc6 21. Qd3 Qb7 22. Rc1 Rbc8 23. Nxc8 Rxc8 24. Rb1 e5 25. Rfc1 e4 26. Qc2 Rc6 27. Rd1 Re6 28. e3 d4 29. exd4 e3 30. d5 exf2+ 31. Kxf2 Re5 32. Qd3 Qe7 33. Re1 Qf6+ 34. Kg2 Rf5 35. Rf1 Qe5 36. Rxf5 gxf5 37. Rf1 Qb2+ 38. Rf2 Qxb4 39. d6 Qxc5 40. d7 Qc7 41. d8=Q+ 1-0


[Site "https://www.chess.com"]

[Event "Titled Tuesday Blitz August 15 Early 2023"]
[White "Grischuk, Alexander"]
[Black "Pert, Richard G"]
[WhiteFideId "4126025"]
[BlackFideId "404748"]
[WhiteElo "3052"]
[BlackElo "2585"]
[Result "0-1"]
[Round "3"]
[TimeControl "180+1"]
[Date "2023.08.15"]
[WhiteClock "0:00:00"]
[BlackClock "0:00:17"]
[Board "54"]

1. Nf3 e6 2. g3 f5 3. Bg2 Nf6 4. O-O Be7 5. c4 O-O 6. Nc3 d6 7. d4 Ne4 8. Qc2 Nxc3 9. bxc3 Nc6 10. e4 e5 11. c5 fxe4 12. Qxe4 d5 13. Qe3 e4 14. Ne1 b6 15. cxb6 Ba6 16. bxc7 Qxc7 17. Bh3 Bxf1 18. Kxf1 Rf6 19. Qe2 Raf8 20. Be3 Na5 21. Kg1 Nc4 22. Bf4 Bd6 23. Ng2 Bxf4 24. Nxf4 Rxf4 25. gxf4 Qxf4 26. Kh1 Rf6 27. Qh5 Nb6 28. Rg1 Qf3+ 29. Qxf3 Rxf3 30. Be6+ Kf8 31. c4 dxc4 32. Re1 Rxf2 33. Rxe4 Rxa2 34. d5 Rd2 35. Rf4+ Ke7 36. Rf7+ Kd6 37. Rxg7 Nxd5 38. Bg8 c3 39. Bxh7 Nf4 40. h4 a5 41. Ra7 c2 0-1


[Site "https://www.chess.com"]

[Event "Titled Tuesday Blitz August 15 Early 2023"]
[White "Paravyan, David"]
[Black "Przybylski, Wojciech"]
[WhiteFideId "4194985"]
[BlackFideId "1117599"]
[WhiteElo "3003"]
[BlackElo "2568"]
[Result "1-0"]
[Round "3"]
[TimeControl "180+1"]
[Date "2023.08.15"]
[WhiteClock "0:01:19"]
[BlackClock "0:00:00"]
[Board "55"]

1. Nf3 Nf6 2. c4 c6 3. d4 d5 4. cxd5 cxd5 5. Nc3 Nc6 6. Bf4 a6 7. e3 e6 8. Ne5 Be7 9. Bd3 Bd7 10. O-O b5 11. Rc1 Rc8 12. a4 b4 13. Bxa6 bxc3 14. Bxc8 Qxc8 15. Rxc3 Qa8 16. Nxc6 Bxc6 17. Qc2 Bd7 18. b3 O-O 19. Be5 Bd8 20. b4 Qxa4 21. Qxa4 Bxa4 22. Ra1 Bb5 23. Ra8 Be7 24. Rxf8+ Kxf8 25. Rc8+ Ne8 26. Rb8 Ba4 27. b5 f6 28. Bc7 Bxb5 29. Bd8 Bd7 30. Bxe7+ Kxe7 31. f3 h6 32. Kf2 Nd6 33. Rg8 Kf7 34. Ra8 Ke7 35. Rg8 Ne8 36. Rh8 Kf7 37. h4 Bc6 38. h5 Bb7 39. g4 Bc6 40. Kg3 Bd7 41. Kf4 f5 42. gxf5 exf5 43. Ke5 f4 44. Kxf4 Bb5 45. Ke5 Be2 46. Kxd5 Bxf3+ 47. Ke5 Bxh5 48. d5 Bg4 49. e4 h5 50. Kf4 Nf6 51. Ra8 Be2 52. Ra7+ Kg6 53. d6 h4 54. d7 Nxd7 55. Rxd7 Kh6 56. Rd6+ Kh5 57. Rd5+ Kh6 58. Rd8 Bf1 59. Rh8+ Kg6 60. Rxh4 Kf6 61. Rg4 g6 62. Rg1 Bd3 63. Rg3 Bc2 64. Rc3 Bb1 65. Rc6+ Kf7 66. Rc7+ Ke6 67. Rc6+ Kf7 68. e5 Ba2 69. Rf6+ Kg7 70. Kg5 Bb1 71. e6 Ba2 72. e7 Bf7 73. Rf4 Be8 74. Rf8 1-0


[Site "https://www.chess.com"]

[Event "Titled Tuesday Blitz August 15 Early 2023"]
[White "Andreikin, Dmitry"]
[Black "Ismagilov, Damir"]
[WhiteFideId "4158814"]
[BlackFideId "34199982"]
[WhiteElo "3001"]
[BlackElo "2566"]
[Result "1-0"]
[Round "3"]
[TimeControl "180+1"]
[Date "2023.08.15"]
[WhiteClock "0:00:10"]
[BlackClock "0:00:02"]
[Board "56"]

1. d4 Nf6 2. c4 e6 3. Nf3 d5 4. g3 dxc4 5. Bg2 Bb4+ 6. Bd2 a5 7. Qc2 c5 8. dxc5 Bxc5 9. O-O Nbd7 10. Na3 b6 11. Ne5 Ba6 12. Nxd7 Nxd7 13. Bxa8 Qxa8 14. Nxc4 O-O 15. b3 Rc8 16. a4 Ne5 17. Rac1 Ng6 18. Rfd1 h5 19. h4 b5 20. axb5 Bxb5 21. Qa2 Nxh4 22. gxh4 Qe4 23. Ne3 Bc6 24. f3 Bxe3+ 25. Kf1 Qf4 26. Bxe3 Qxe3 27. Qxa5 Qxb3 28. Rd8+ Rxd8 29. Qxd8+ Kh7 30. Rxc6 Qb1+ 31. Kf2 Qh1 32. Qg5 Qh2+ 33. Kf1 Qh1+ 34. Kf2 Qh2+ 35. Ke3 g6 36. Rc4 Qh1 37. Rf4 Qc1+ 38. Kf2 Kg8 39. Qd8+ Kg7 40. Qf6+ Kh6 41. Qh8# 1-0


[Site "https://www.chess.com"]

[Event "Titled Tuesday Blitz August 15 Early 2023"]
[White "gmbenjaminbok"]
[Black "Santos Flores, Alberto"]
[BlackFideId "3601234"]
[WhiteElo "2955"]
[BlackElo "2550"]
[Result "1-0"]
[Round "3"]
[TimeControl "180+1"]
[Date "2023.08.15"]
[WhiteClock "0:01:30"]
[BlackClock "0:01:09"]
[Board "57"]

1. d4 d5 2. c4 c6 3. cxd5 cxd5 4. Nf3 Nf6 5. Nc3 Nc6 6. Bf4 Bf5 7. e3 e6 8. Qb3 Qb6 9. Qxb6 axb6 10. Nh4 Bg6 11. Rc1 Be7 12. Bb5 Ne4 13. Nxg6 Nxc3 14. Bxc6+ bxc6 15. Nxh8 Ne4 16. Rxc6 Rxa2 17. O-O Rxb2 18. Rc8+ Kd7 19. Rfc1 1-0


[Site "https://www.chess.com"]

[Event "Titled Tuesday Blitz August 15 Early 2023"]
[White "Chigaev, Maksim"]
[Black "Manukyan, Sargis V."]
[WhiteFideId "4108116"]
[BlackFideId "13303465"]
[WhiteElo "2942"]
[BlackElo "2546"]
[Result "1-0"]
[Round "3"]
[TimeControl "180+1"]
[Date "2023.08.15"]
[WhiteClock "0:00:51"]
[BlackClock "0:00:32"]
[Board "58"]

1. e4 e6 2. d4 d5 3. Nd2 Be7 4. Ngf3 Nf6 5. e5 Nfd7 6. Bd3 c5 7. c3 Nc6 8. O-O g5 9. Qe2 g4 10. Ne1 h5 11. Qe3 Bg5 12. f4 gxf3 13. Qxf3 Qe7 14. Nc2 b6 15. Bb5 Bb7 16. Nc4 dxc4 17. Bxc6 Bxc6 18. Qxc6 Rd8 19. Bxg5 Qxg5 20. Rf2 cxd4 21. cxd4 O-O 22. Raf1 Qg6 23. Qxc4 Rc8 24. Qa4 b5 25. Qb3 Nb6 26. Ne3 Nc4 27. Nd1 Rcd8 28. Rf6 Qe4 29. Qg3+ Kh7 30. Rxf7+ 1-0


[Site "https://www.chess.com"]

[Event "Titled Tuesday Blitz August 15 Early 2023"]
[White "Pakleza, Zbigniew"]
[Black "Williams, Simon K"]
[WhiteFideId "1119290"]
[BlackFideId "404454"]
[WhiteElo "2821"]
[BlackElo "2536"]
[Result "0-1"]
[Round "3"]
[TimeControl "180+1"]
[Date "2023.08.15"]
[WhiteClock "0:00:00"]
[BlackClock "0:00:33"]
[Board "60"]

1. d4 e6 2. Nf3 f5 3. Bf4 Nf6 4. e3 b6 5. h3 Bb7 6. Be2 g6 7. O-O Bg7 8. c4 O-O 9. Nc3 d6 10. Bh2 Nbd7 11. Rc1 a5 12. a3 Qe7 13. Nb5 Rfc8 14. b4 axb4 15. axb4 Ne4 16. Nd2 Nxd2 17. Qxd2 e5 18. Ra1 c6 19. Nc3 Nf6 20. c5 bxc5 21. bxc5 exd4 22. exd4 dxc5 23. Rxa8 Rxa8 24. dxc5 Qxc5 25. Rc1 Qe7 26. Bf3 Ne4 27. Nxe4 fxe4 28. Bg4 Kh8 29. Bf4 Rd8 30. Qc2 Bd4 31. Be3 c5 32. Re1 Qf6 33. Qd2 Bc3 34. Qc1 Bd4 35. Qc2 Rf8 0-1


[Site "https://www.chess.com"]

[Event "Titled Tuesday Blitz August 15 Early 2023"]
[White "Taboas Rodriguez, Daniel"]
[Black "Cherniaiev, Tykhon"]
[WhiteFideId "2208466"]
[BlackFideId "14182360"]
[WhiteElo "2531"]
[BlackElo "2783"]
[Result "0-1"]
[Round "3"]
[TimeControl "180+1"]
[Date "2023.08.15"]
[WhiteClock "0:02:27"]
[BlackClock "0:00:55"]
[Board "61"]

1. d4 Nf6 2. Nf3 e6 3. c4 d5 4. Bg5 Be7 5. e3 O-O 6. Nc3 b6 7. Bd3 Bb7 8. O-O h6 9. Bh4 Nbd7 10. Qe2 c5 11. Rad1 Rc8 12. Bg3 cxd4 13. exd4 dxc4 14. Bxc4 Bxf3 15. gxf3 Nb8 16. d5 exd5 17. Nxd5 Nxd5 18. Rxd5 Qe8 19. Bxb8 Rxc4 20. Qxc4 Qxb8 21. Rd7 Qe5 22. Qe4 Qg5+ 23. Kh1 Bf6 24. b3 Qb5 25. Rg1 Qxd7 0-1


[Site "https://www.chess.com"]

[Event "Titled Tuesday Blitz August 15 Early 2023"]
[White "Gan-Od, Sereenen"]
[Black "Janaszak, Dawid"]
[WhiteFideId "4901304"]
[BlackFideId "1119206"]
[WhiteElo "2770"]
[BlackElo "2524"]
[Result "1-0"]
[Round "3"]
[TimeControl "180+1"]
[Date "2023.08.15"]
[WhiteClock "0:00:48"]
[BlackClock "0:00:08"]
[Board "62"]

1. c4 e6 2. Nf3 d5 3. g3 Nf6 4. Bg2 Be7 5. O-O O-O 6. b3 c5 7. Bb2 d4 8. e3 Nc6 9. exd4 cxd4 10. Re1 a5 11. a3 Bc5 12. d3 Re8 13. Ne5 Nxe5 14. Rxe5 Qc7 15. Re1 e5 16. Nd2 Bg4 17. Qc2 Qd7 18. Ne4 Nxe4 19. Bxe4 Ra6 20. f3 Bf5 21. Re2 Bxe4 22. fxe4 h5 23. Rf1 Rg6 24. Rg2 Qh3 25. Rf5 Ree6 26. Qe2 h4 27. Rh5 Be7 28. Bc1 Qg4 29. Qxg4 Rxg4 30. gxh4 Rxh4 31. Rxh4 Bxh4 32. b4 axb4 33. axb4 Ra6 34. Bb2 Be1 35. b5 Ra2 36. Kf1 Bc3 37. Bc1 Rxg2 38. Kxg2 b6 39. Ba3 f6 40. Bd6 Kf7 41. Bc7 Ke6 42. Bxb6 f5 43. Kf3 fxe4+ 44. Kxe4 g5 45. h3 Bb4 46. Bd8 Bd2 47. c5 Kd7 48. Bf6 g4 49. hxg4 Ke6 50. Bxe5 Kd7 51. Bxd4 Ke7 52. Be5 1-0


[Site "https://www.chess.com"]

[Event "Titled Tuesday Blitz August 15 Early 2023"]
[White "Hristodoulou, Panagiotis"]
[Black "Yanchenko, Roman"]
[WhiteFideId "4214340"]
[BlackFideId "4137329"]
[WhiteElo "2517"]
[BlackElo "2769"]
[Result "0-1"]
[Round "3"]
[TimeControl "180+1"]
[Date "2023.08.15"]
[WhiteClock "0:00:01"]
[BlackClock "0:00:32"]
[Board "63"]

1. e4 e6 2. d4 d5 3. Nc3 Bb4 4. Ne2 Nf6 5. Bg5 h6 6. Bxf6 Qxf6 7. a3 Bxc3+ 8. Nxc3 dxe4 9. Nxe4 Qe7 10. Bd3 Nd7 11. O-O O-O 12. Re1 c5 13. dxc5 Nxc5 14. Nxc5 Qxc5 15. Qf3 Rb8 16. Rad1 b5 17. Qe4 f5 18. Qf4 Rb6 19. Re5 Qc7 20. Rde1 Qd6 21. Qb4 a6 22. g3 Qxb4 23. axb4 Kf7 24. Rc5 Rd6 25. f4 Rfd8 26. Re3 Bb7 27. Rc7+ R8d7 28. Rxd7+ Rxd7 29. Kf2 Kf6 30. h4 Bd5 31. Re1 Rd6 32. Ke3 e5 33. fxe5+ Kxe5 34. b3 g5 35. hxg5 hxg5 36. c4 Be4 37. Rd1 f4+ 38. gxf4+ gxf4+ 39. Ke2 f3+ 40. Ke3 f2 41. Kxf2 Rxd3 42. Rxd3 Bxd3 43. c5 Be4 0-1


[Site "https://www.chess.com"]

[Event "Titled Tuesday Blitz August 15 Early 2023"]
[White "Risteski, Emil"]
[Black "Bersamina, Paulo"]
[WhiteFideId "15005267"]
[BlackFideId "5206995"]
[WhiteElo "2514"]
[BlackElo "2726"]
[Result "0-1"]
[Round "3"]
[TimeControl "180+1"]
[Date "2023.08.15"]
[WhiteClock "0:00:42"]
[BlackClock "0:01:08"]
[Board "64"]

1. d3 e5 2. c4 Nc6 3. Nc3 Bb4 4. Bd2 Bxc3 5. Bxc3 f5 6. b4 d6 7. b5 Nce7 8. g3 Nf6 9. Bg2 Kf8 10. Nf3 Qe8 11. a4 Bd7 12. Qb3 Qh5 13. a5 Rb8 14. b6 axb6 15. axb6 c6 16. Qa3 c5 17. h4 h6 18. Nd2 Kf7 19. Bf3 Qg6 20. Qb2 Bc6 21. Ra7 Rhc8 22. Kd1 Kg8 23. Qc2 Nd7 24. Qb3 Bxf3 25. Nxf3 e4 26. h5 Qf7 27. Nd2 Rc6 28. Ba5 exd3 29. exd3 f4 30. Kc2 Nf5 31. Bc3 Rxb6 32. Qa4 fxg3 33. fxg3 Ne3+ 34. Kc1 Ne5 35. Bxe5 dxe5 36. Ra8 Rxa8 37. Qxa8+ Kh7 38. Ne4 Ra6 39. Qd8 Ra1+ 40. Kd2 Nxc4+ 41. dxc4 Rxh1 42. g4 Rh2+ 0-1


[Site "https://www.chess.com"]

[Event "Titled Tuesday Blitz August 15 Early 2023"]
[White "Prohaszka, Peter"]
[Black "crazy_m_attack"]
[WhiteFideId "726265"]
[WhiteElo "2698"]
[BlackElo "2285"]
[Result "0-1"]
[Round "3"]
[TimeControl "180+1"]
[Date "2023.08.15"]
[WhiteClock "0:00:02"]
[BlackClock "0:00:09"]
[Board "65"]

1. e4 e5 2. Nf3 Nc6 3. Bc4 Nf6 4. Ng5 d5 5. exd5 Na5 6. Bb5+ c6 7. dxc6 bxc6 8. Bd3 Ng4 9. Nf3 f5 10. h3 e4 11. hxg4 exd3 12. cxd3 Be7 13. b4 Bxb4 14. Qe2+ Qe7 15. Qxe7+ Bxe7 16. g5 O-O 17. Bb2 Ba6 18. Ne5 Bxg5 19. Rh3 Rfe8 20. Kd1 Bf6 21. f4 Rab8 22. Bc3 Rb5 23. Na3 Rd5 24. Nac4 Nb7 25. Ne3 Rdd8 26. Nxf5 Nc5 27. Nxc6 Bxc3 28. Nxd8 Bxa1 29. Nc6 Bxd3 30. Nfe7+ Kf8 31. Nd5 Be4 32. Ndb4 Bxg2 33. Ra3 Bxc6 34. Nxc6 a6 35. Ra5 Nd3 36. Rxa6 Nxf4 37. Ra7 h5 38. Kc2 h4 39. Ra4 g5 40. Ra5 Bf6 41. d4 h3 42. Rb5 h2 43. Rb1 Re2+ 44. Kc3 Rg2 45. Rb8+ Kg7 46. Rb7+ Kg6 47. Rb6 h1=Q 48. Ne5+ Kf5 49. Nc4 Qh3+ 50. Kb4 Nd5+ 51. Kc5 Nxb6 52. Nxb6 Rc2+ 53. Kb5 Qc3 54. a4 Qxd4 55. a5 Qc5+ 56. Ka6 Ra2 57. Nc4 Qxc4+ 58. Kb7 Rb2+ 59. Ka8 Qc8+ 60. Ka7 Qb7# 0-1


[Site "https://www.chess.com"]